AoeStats
← Elnor

Arabia

510537558Analyzed
1v1 RM · 1d ago on Oct 1, 2026· 50m 32s· 2 players
Game mode
Random Map
Map size
Tiny (2 player)
Population
200
Speed
Normal
Resources
Standard
Victory
Conquest
Starting age
Dark Age
Ending age
Imperial Age
RankedLock teamsTeams togetherTeam positionsShared explorationLock speedFull tech treeHidden civsTurbo modeCheats
Victory
Defeat
🇮🇹 Bohemians · Italy
1604
+23
🇻🇳 Franks · Vietnam
1754
-23
Elnor
7:07 Loom
10:00 Feudal Age
11:45 Double-Bit Axe
15:09 Horse Collar
21:57 Castle Age
22:28 Forging
23:41 Fervor
24:36 Wheelbarrow
24:35 Scale Barding Armor
24:39 Husbandry
28:06 Pikeman
28:47 Squires
34:22 Imperial Age
32:39 Scale Mail Armor
33:33 Hand Cart
33:04 Town Watch
33:56 Chain Mail Armor
35:35 Conscription
34:37 Halberdier
36:52 Chemistry
36:30 Crossbowman
37:03 Fletching
37:13 Padded Archer Armor
37:35 Ballistics
37:50 Bow Saw
38:34 Bodkin Arrow
39:14 Bracer
40:36 Leather Archer Armor
41:18 Light Cavalry
42:43 Chain Barding Armor
42:58 Iron Casting
42:25 Arson
43:08 Cavalier
43:15 Elite Skirmisher
46:56 Ring Archer Armor
baoquanghuy1605
6:13 Loom
8:42 Feudal Age
10:14 Man-at-Arms
14:42 Double-Bit Axe
17:56 Fletching
23:46 Castle Age
21:59 Gold Mining
23:48 Scale Barding Armor
30:09 Wheelbarrow
29:33 Town Watch
31:18 Bow Saw
33:39 Hand Cart
37:45 Imperial Age
35:41 Padded Archer Armor
35:33 Elite Skirmisher
36:36 Ballistics
37:20 Leather Archer Armor
39:35 Chemistry
38:51 Cavalier
40:50 Conscription
Connection lost

Rejoining the realm…

Still unreachable

The connection could not be restored.

Session expired

The server has moved on; the page needs a fresh start.